 Dungeon Crawl Stone Soup version 0.31-a0-473-g61b50ae490 (webtiles) character file.

Game seed: 8954493923260278388

872 horus123 the Digger (level 7, -3/50 HPs)
             Began as a Pale Draconian Earth Elementalist on Aug 6, 2023.
             Was an Initiate of Vehumet.
             Slain by a gnoll sergeant
             ... wielding a +0 spear
              (9 damage)
             ... on level 6 of the Dungeon.
             The game lasted 00:08:47 (5046 turns).

horus123 the Digger (DrEE)                          Turns: 5046, Time: 00:08:48

Health: -3/50      AC:  7    Str: 10    XL:     7   Next: 74%
Magic:  0/11       EV: 17    Int: 24    God:    Vehumet [......]
Gold:   238        SH:  0    Dex: 11    Spells: 2/12 levels left

rFire   . . .        v - +2 dagger (venom)
rCold   . . .        (no shield)
rNeg    . . .        (body armour unavailable)
rPois   .            (helmet restricted)
rElec   .            q - +0 cloak
rCorr   .            (no gloves)
SInv    .            (no boots)
Will    .....        (no amulet)
Stlth   ++           o - +6 ring of intelligence
HPRegen 0.28/turn    u - +5 ring of evasion
MPRegen 0.12/turn

%: no passive effects
@: no status effects
A: breathe steam, AC +6, unfitting armour, cold-blooded, steam resistance
a: Breathe Steam, Renounce Religion


You were on level 6 of the Dungeon.
You worshipped Vehumet.
Vehumet was noncommittal.
You visited 2 branches of the dungeon, and saw 7 of its levels.

You collected 238 gold pieces.

Inventory:

Hand Weapons
 e - a +0 short sword of protection
 p - a +0 halberd
 v - a +2 dagger of venom (weapon)
Missiles
 h - 3 javelins
 s - 4 curare-tipped darts
Armour
 q - a +0 cloak (worn)
Jewellery
 i - a ring of flight
 j - a ring of poison resistance
 o - a +6 ring of intelligence (left hand)
 u - a +5 ring of evasion (right hand)
Wands
 B - a wand of paralysis (13)
Scrolls
 b - a scroll of silence {unknown}
 d - a scroll of acquirement {unknown}
 f - 9 scrolls of teleportation {unknown}
 g - a scroll of immolation {unknown}
 m - 7 scrolls of poison {unknown}
 n - 4 scrolls of identify {unknown}
 x - 2 scrolls of blinking {unknown}
 y - a scroll of noise {unknown}
 z - a scroll of enchant weapon {unknown}
 A - a scroll of amnesia {unknown}
Potions
 a - a potion of magic
 c - 4 potions of curing {unknown}
 k - 2 potions of might {unknown}
 l - a potion of degeneration {unknown}
 r - 2 potions of invisibility {unknown}
 t - a potion of haste {unknown}
 w - 2 potions of heal wounds {unknown}
 C - a potion of brilliance {unknown}


   Skills:
 - Level 1.7 Dodging
 - Level 1.7 Stealth
 - Level 3.0 Spellcasting
 - Level 5.0 Conjurations
 - Level 1.0 Transmutations
 + Level 4.2 Fire Magic
 - Level 6.0 Earth Magic


You had 2 spell levels left.
You knew the following spells:

 Your Spells              Type           Power      Damage    Failure   Level
a - Sandblast             Erth           64%        2d14      1%          1
b - Stone Arrow           Conj/Erth      60%        3d10      3%          3
c - Starburst             Conj/Fire      12%        6d5       94%         6

Your spell library contained the following spells:

 Spells                   Type           Power      Damage    Failure   Level
 Passwall                 Tmut/Erth      16%        N/A       3%          2
 Apportation              Tloc           6%         N/A       11%         1
 Summon Small Mammal      Summ           12%        N/A       11%         1
 Ensorcelled Hibernation  Hex/Ice        6%         N/A       16%         2
 Dazzling Flash           Conj/Hex       30%        N/A       12%         3
 Volatile Blastmotes      Fire/Tloc      26%        2d12      14%         3
 Petrify                  Tmut/Erth      20%        N/A       26%         4
 Call Canine Familiar     Summ           3%         N/A       32%         3
 Summon Guardian Golem    Hex/Summ       3%         N/A       32%         3
 Swiftness                Air            3%         N/A       32%         3
 Fulminant Prism          Conj/Hex       7%         3d7       36%         4
 Iskenderun's Mystic Bla  Conj/Tloc      15%        2d5       36%         4
 Alistair's Intoxication  Tmut/Pois      4%         N/A       94%         5
 Summon Forest            Summ/Tloc      1%         N/A       96%         5
 Summon Mana Viper        Hex/Summ       3%         N/A       96%         5
 Summon Cactus Giant      Summ           1%         N/A       100%        6
 Maxwell's Capacitive Co  Air            1%         ∞         100%        8


Dungeon Overview and Level Annotations

Branches:
Dungeon (6/15)             Temple (1/1) D:5

Altars:
Ashenzari
Elyvilon
Gozag
Hepliaklqana
Kikubaaqudgha
Makhleb
Nemelex Xobeh
Okawaru
Qazlal
Ru
Sif Muna
Uskayaw
Vehumet
Wu Jian
Xom
Yredelemnul
Zin
The Shining One

Shops:
D:5 =

Annotations:
Temple 2 transporters


Innate Abilities, Weirdness & Mutations

You can breathe blasts of scalding, opaque steam.
Your pale cyan-grey scales are hard. (AC +6)
You cannot fit into any form of body armour.
You are cold-blooded and may be slowed by cold attacks.
You are immune to the effects of steam.


Message History

Found a stormy altar of Qazlal.
The gnoll sergeant hits you with a +0 spear.
The shadow imp hits you but does no damage.
Things that are here:
a +0 flail; a gnoll corpse You are too injured to fight recklessly!
You are too injured to fight recklessly!
You hit the gnoll sergeant but do no damage.
The gnoll sergeant is poisoned.
The gnoll sergeant is moderately wounded.
The gnoll sergeant hits you with a +0 spear.
The shadow imp barely misses you.
You barely miss the gnoll sergeant.
The gnoll sergeant is moderately wounded.
The gnoll sergeant hits you with a +0 spear.
* * * LOW HITPOINT WARNING * * *
The shadow imp hits you.
* * * LOW HITPOINT WARNING * * *
The gnoll sergeant hits you from afar with a +0 spear.
* * * LOW HITPOINT WARNING * * *
The shadow imp attacks as you move away!
The shadow imp hits you but does no damage.
The shadow imp attacks as you move away!
The shadow imp hits you.
* * * LOW HITPOINT WARNING * * *
The shadow imp attacks as you move away!
The shadow imp misses you.
Aiming: Sandblast (safe; 1% risk of failure)
Press: ? - help, Q - select action, (/) - cycle Shift-Dir - straight line, f/p - gnoll sergeant
Aim: a gnoll sergeant, wielding a +0 spear, wearing a +0 scale mail and wearing a +0 buckler (heavily wounded, poisoned, 88% to hit)
The blast of sand hits the gnoll sergeant but does no damage.
The gnoll sergeant is heavily wounded.
The shadow imp hits you but does no damage.
The shadow imp gestures at you.
You struggle to resist.
The gnoll sergeant hits you from afar with a +0 spear.
* * * LOW HITPOINT WARNING * * *
You closely miss the shadow imp.
The gnoll sergeant hits you from afar with a +0 spear!
You die...

###..####........
##..### ##.......
#####..##
#....... #....###
#....... ###..#
##...... #..##
#...... ##..#
#...... #..#
##..... ##@##
#..... #5.#
##g####
#.....#######.
#.............
#...###.....##
#..## #)#####
#..# #)'....._
#.. #)#####..


You could see a gnoll sergeant (poisoned) and a shadow imp.

Vanquished Creatures
  A black bear (D:5)
  An ogre (D:5)
  A scorpion (D:4)
  3 hounds
  A gnoll bouda (D:5)
  An orc priest (D:5)
  3 iguanas
  2 orc wizards (D:4)
  16 gnolls
  8 adders
  2 white imps
  2 worms
  A dart slug (D:2)
  17 orcs
  7 bats
  6 endoplasms
  3 giant cockroaches
  6 goblins
  7 hobgoblins
  5 jackals
  6 quokkas
  7 ball pythons
  3 frilled lizards
  5 kobolds
  3 rats
117 creatures vanquished.

Notes
Turn   | Place    | Note
-------+----------+-------------------------------------------
     0 | D:1      | horus123 the Draconian Earth Elementalist began the quest
                  | for the Orb.
     0 | D:1      | Reached XP level 1. HP: 14/14 MP: 3/3
   174 | D:1      | Reached XP level 2. HP: 20/20 MP: 2/5
   983 | D:2      | Reached XP level 3. HP: 24/26 MP: 2/7
  1010 | D:2      | Reached skill level 4 in Earth Magic
  1087 | D:2      | Reached XP level 4. HP: 33/33 MP: 4/8
  1162 | D:2      | Learned a level 3 spell: Stone Arrow
  2144 | D:3      | Reached skill level 5 in Earth Magic
  2262 | D:3      | Found a faded altar of an unknown god.
  2303 | D:3      | Reached XP level 5. HP: 38/38 MP: 6/9
  2924 | D:4      | Reached skill level 6 in Earth Magic
  3035 | D:4      | Reached skill level 1 in Conjurations
  3091 | D:4      | Reached XP level 6. HP: 45/45 MP: 4/10
  3958 | D:5      | Entered Level 5 of the Dungeon
  3958 | D:5      | Found a staircase to the Ecumenical Temple.
  3968 | Temple   | Found a transporter.
  3968 | Temple   | Found a transporter.
  3968 | Temple   | Found a transporter.
  3968 | Temple   | Found a transporter.
  3968 | Temple   | Entered the Ecumenical Temple
  3996 | Temple   | Became a worshipper of Vehumet
  4108 | D:5      | Your scales start taking on a pale cyan-grey colour.
  4108 | D:5      | Reached XP level 7. HP: 50/50 MP: 6/11
  4108 | D:5      | Gained mutation: You are immune to the effects of steam.
                  | [Pale Draconian growth]
  4159 | D:5      | Learned a level 6 spell: Starburst
  4174 | D:5      | Found Bathreg's Jewellery Shop.
  4196 | D:5      | Reached skill level 5 in Conjurations
  4288 | D:5      | Reached skill level 1 in Fire Magic
  5035 | D:6      | Found a stormy altar of Qazlal.
  5046 | D:6      | Slain by a gnoll sergeant

Illustrated notes

Levels and vault maps discovered:
D:1:      lightli_arrival_boilingwater, layout_loops_ring,
          grunt_decor_mini_mirrors
D:2:      layout_loops_ring, st_stairs_6
D:3:      layout_basic, hellmonk_ecumenical_altar_dog_temple
D:4:      layout_gridville
D:5:      layout_loops_ring, minmay_temple_entry_mini_moons, serial_shops,
          nicolae_shop_tiny_glass
D:6:      layout_cave_pods, mainiacjoe_overflow_surrounded_room, tgw_trog
Temple:   hellmonk_temple_divided_pantheon

Skill      XL: |  1  2  3  4  5  6  7 |
---------------+----------------------+-----
Spellcasting   | 3 |  3.0
Earth Magic    | 4 5 6 |  6.0
Conjurations   | 1 4 5 |  5.0
Fire Magic     | 4 |  4.2
Dodging        | |  1.7
Stealth        | |  1.7
Transmutations | |  1.0

Action                     |  1- 3 |  4- 6 |  7- 9 || total
---------------------------+-------+-------+-------++-------
  Melee: Club              |    27 |       |       ||    27
         Tailslap          |     5 |       |       ||     5
         Unarmed           |     3 |       |       ||     3
         Short sword       |    18 |       |       ||    18
         Dagger            |       |     1 |     3 ||     4
   Cast: Sandblast         |    37 |    98 |    51 ||   186
 Armour: Skin              |    18 |     8 |    13 ||    39
  Dodge: Dodged            |    50 |    19 |    23 ||    92

Table legend: (Time is in decaauts)
 A = Elapsed time spent in this place.
 B = Non-inter-level travel time spent in this place.
 C = Inter-level travel time spent in this place.
 D = Time resting spent in this place.
 E = Time spent auto-exploring this place.
 F = Levels seen in this place.
 G = Mean time per level.
                   A        B        C        D        E       F      G
               +--------+--------+--------+--------+--------+-----+--------+
         Total |   5144 |   4965 |    179 |     47 |   4122 |   7 |  734.9 |
       Dungeon |   5095 |   4916 |    179 |     47 |   4122 |   6 |  849.2 |
        Temple |     48 |     48 |      0 |      0 |      0 |   1 |   48.0 |
               +--------+--------+--------+--------+--------+-----+--------+

Top non-repeatable levels by time:
     D:4: 1218 daAuts
     D:2: 943 daAuts
     D:1: 937 daAuts
     D:3: 925 daAuts
     D:5: 868 daAuts
     D:6: 201 daAuts
  Temple: 48 daAuts
